Dallas Stars vs Washington Capitals

Created - Sunday, February 22, 2026 at 07:45

Goals
1 2 3 T
Dallas Stars 1 1 1 3
Washington Capitals 0 1 1 2
Shots
1 2 3 T
Dallas Stars 9 9 18 36
Washington Capitals 9 25 5 39

1st period

1. Dallas Stars , Alex Iafallo 8 (Cam York 8) at 18:49

Penalties :
Ian Cole (WSH) for Tripping (Minor) at 0:36, Nick Foligno (WSH) for Fighting (Major) at 7:39, Arber Xhekaj (DAL) for Fighting (Major) at 7:39, Jordan Greenway (DAL) for Hooking (Minor) at 19:25

2nd period

2. Washington Capitals , Drake Batherson 11 (Tomas Hertl 17, Jason Robertson 12) at 3:31 (PP)
3. Dallas Stars , Brendan Gallagher 10 (Elias Lindholm 20, Josh Anderson 10) at 12:34 (PP)

Penalties :
Trevor van Riemsdyk (DAL) for Delaying the game (Minor) at 2:57, Nikita Zadorov (WSH) for Tripping (Minor) at 11:59

3rd period

4. Dallas Stars , Dougie Hamilton 5 (Jordan Martinook 14, Alex Iafallo 9) at 8:38 (PP)
5. Washington Capitals , Shane Pinto 10 (Alex Ovechkin 17, John Carlson 15) at 14:44

Penalties :
Trent Frederic (DAL) for High sticking (Minor) at 3:32, Sean Kuraly (WSH) for Slashing (Minor) at 8:26, Alex Ovechkin (WSH) for Interference (Minor) at 9:13, Stefan Noesen (WSH) for Cross-checking (Minor) at 17:38

Goalie Stats

Alex Lyon (DAL), 37 saves from 39 shots - (0.949), W, 4-8-2, 60:00 minutes
Casey DeSmith (WSH), 33 saves from 36 shots - (0.917), L, 5-3-0, 60:00 minutes

Players Stats for Dallas Stars

Player Name              G  A  P  +/- PIM S  H  SB GA TA FO     MP     PP MP  PK MP  
------------------------------------------------------------------------------------
Alex Iafallo             1  1  2   1  0   4  1  2  0  0  1/4    14:57   3:21   0:00 
Arber Xhekaj             0  0  0   1  5   0  0  2  0  1  0/0    14:04   0:00   2:15 
Brendan Gallagher        1  0  1   0  0   5  0  1  1  0  0/3    20:47   3:17   1:59 
Cam York                 0  1  1   1  0   1  0  1  0  0  0/0    15:20   3:38   0:26 
Dougie Hamilton          1  0  1  -1  0   1  0  2  1  0  0/0    27:26   3:06   2:17 
Elias Lindholm           0  1  1   0  0   4  2  0  0  0  16/22  20:04   3:17   2:29 
Filip Chytil             0  0  0   0  0   1  0  0  1  0  1/2     2:32   0:00   0:00 
Jack Drury               0  0  0   1  0   3  1  0  1  0  3/7     9:30   0:00   0:04 
Jakob Chychrun           0  0  0   0  0   4  1  2  0  1  0/0    21:41   3:38   2:23 
Joel Kiviranta           0  0  0   0  0   0  2  0  1  0  3/8    15:26   0:09   0:00 
Jonatan Berggren         0  0  0  -1  0   1  0  0  0  0  5/14   12:58   0:00   0:00 
Jordan Greenway          0  0  0   1  2   1  1  0  0  1  0/1    13:25   0:06   0:04 
Jordan Martinook         0  1  1  -1  0   3  2  1  1  0  0/0    19:28   3:21   1:59 
Josh Anderson            0  1  1   0  0   6  0  0  0  0  0/0    21:10   3:17   2:29 
Luke Kunin               0  0  0  -1  0   1  0  1  0  0  0/0    17:03   3:21   0:00 
Nils Lundkvist           0  0  0   0  0   0  0  2  0  0  0/0    14:20   0:00   0:00 
Trent Frederic           0  0  0   0  2   0  3  0  0  0  0/1     8:47   0:03   0:00 
Trevor van Riemsdyk      0  0  0  -1  2   1  0  2  1  0  0/0    26:26   3:06   1:43 

Players Stats for Washington Capitals

Player Name              G  A  P  +/- PIM S  H  SB GA TA FO     MP     PP MP  PK MP  
------------------------------------------------------------------------------------
Alex Ovechkin            0  1  1   0  2   0  0  1  0  0  0/0    15:09   2:17   0:00 
Drake Batherson          1  0  1   0  0   3  1  0  1  0  0/0     9:34   2:14   0:00 
Frederick Gaudreau       0  0  0   0  0   4  1  0  0  0  2/6    17:27   0:01   3:26 
Ian Cole                 0  0  0   0  2   0  1  1  0  2  0/0    17:54   0:00   2:20 
Jamie Oleksiak           0  0  0   0  0   2  0  2  0  0  0/0    22:04   0:00   3:21 
Jason Robertson          0  1  1   0  0   3  0  1  1  1  0/0    16:23   2:44   0:00 
John Carlson             0  1  1   0  0   2  2  2  0  1  0/0    24:58   2:44   3:21 
Lars Eller               0  0  0   0  0   0  1  0  0  0  2/4     8:09   0:01   0:06 
Marco Rossi              0  0  0   0  0   6  0  2  0  0  8/13   15:44   1:48   0:00 
Nick Foligno             0  0  0   0  5   1  1  2  0  0  1/3    19:01   2:14   3:41 
Nick Jensen              0  0  0   0  0   2  1  1  0  0  0/0    14:57   0:00   0:55 
Nikita Zadorov           0  0  0   0  2   1  3  1  0  2  0/0    13:40   0:00   0:08 
Sean Kuraly              0  0  0   0  2   1  1  0  0  0  0/1    10:40   0:00   0:21 
Shane Pinto              1  0  1   0  0   3  4  0  0  0  9/15   17:59   2:17   2:57 
Stefan Noesen            0  0  0   0  2   6  0  0  0  0  0/0    14:06   0:01   0:00 
Tom Wilson               0  0  0   0  0   1  5  0  1  1  0/0    17:51   2:17   2:57 
Tomas Hertl              0  1  1   0  0   4  1  1  0  0  11/20  16:05   2:14   0:00 
Tyler Myers              0  0  0   0  0   0  1  3  0  0  0/0    21:29   1:48   3:23 

3 Stars

1 - Alex Iafallo (DAL)
2 - Alex Lyon (DAL)
3 - Shane Pinto (WSH)

Power Play

Dallas Stars - 2 on 5 Attempt(s) - 40.00%
Washington Capitals - 1 on 3 Attempt(s) - 33.33%

Penalty Kill

Dallas Stars - 2 on 3 Attempt(s) - 66.67% - Score 0 goal in Penalty Kill
Washington Capitals - 3 on 5 Attempt(s) - 60.00% - Score 0 goal in Penalty Kill

Team Stat

Dallas Stars - Hits : 13 - Faceoff Wins : 29 - Blocked Shots : 16 - Penalty Minutes : 11
Washington Capitals - Hits : 23 - Faceoff Wins : 33 - Blocked Shots : 17 - Penalty Minutes : 15

Official

Referees : Francois St Laurent and Kendrick Nicholson
Linesman : Joseph Mahon and Libor Suchanek

Game Notes

Arber Xhekaj beats up Nick Foligno at 7:39 of 1st period
Filip Chytil is injured at 12:05 of 1st period (Bruised Right Arm)

Finance

Level 1 -- Attendance: 5914 (98.57%) -- Ticket Income $550,002
Level 2 -- Attendance: 5000 (100.00%) -- Ticket Income $260,000
Level 3 -- Attendance: 2423 (80.77%) -- Ticket Income $84,805
Level 4 -- Attendance: 5000 (100.00%) -- Ticket Income $110,000
Luxury Box -- Attendance: 986 (98.60%) -- Ticket Income $187,340
Game was played at the Verizon Center.
Total Attendance: 19323 (96.62%)
Total Ticket Income: $1,192,147
Other Income: $417,251
Total Income: $1,609,398

Dallas Stars

5 vs 5 Forward 
   Center                   Left Wing                Right Wing               Time % Phy DF OF 
 1 Elias Lindholm           Josh Anderson            Brendan Gallagher        30     1   2  2  
 2 Jonatan Berggren         Jordan Martinook         Luke Kunin               30     1   2  2  
 3 Filip Chytil             Alex Iafallo             Jordan Greenway          25     1   2  2  
 4 Jack Drury               Joel Kiviranta           Trent Frederic           15     1   2  2  

5 vs 5 Defense 
   Defense                  Defense                                           Time % Phy DF OF 
 1 Dougie Hamilton          Trevor van Riemsdyk                               30     1   2  2  
 2 Jakob Chychrun           Nils Lundkvist                                    30     1   2  2  
 3 Cam York                 Arber Xhekaj                                      25     1   2  2  
 4 Dougie Hamilton          Trevor van Riemsdyk                               15     1   2  2  

PowerPlay Forward 
   Center                   Left Wing                Right Wing               Time % Phy DF OF 
 1 Elias Lindholm           Josh Anderson            Brendan Gallagher        50     1   2  2  
 2 Alex Iafallo             Jordan Martinook         Luke Kunin               50     1   2  2  

PowerPlay Defense
   Defense                  Defense                                           Time % Phy DF OF 
 1 Dougie Hamilton          Trevor van Riemsdyk                               50     1   2  2  
 2 Jakob Chychrun           Cam York                                          50     1   2  2  

Penalty Kill 4 Players Forward 
   Center                   Wing                     Time % Phy DF OF 
 1 Elias Lindholm           Josh Anderson            50     1   2  2  
 2 Brendan Gallagher        Jordan Martinook         50     1   2  2  

Penalty Kill 4 Players Defense
   Defense                  Defense                  Time % Phy DF OF 
 1 Dougie Hamilton          Trevor van Riemsdyk      50     1   2  2  
 2 Jakob Chychrun           Arber Xhekaj             50     1   2  2  

Penalty Kill - 3 Players Forward 
   Forward                                           Time % Phy DF OF 
 1 Elias Lindholm                                    50     1   2  2  
 2 Josh Anderson                                     50     1   2  2  

Penalty Kill - 3 Players Defense
   Defense                  Defense                  Time % Phy DF OF 
 1 Dougie Hamilton          Trevor van Riemsdyk      50     1   2  2  
 2 Jakob Chychrun           Arber Xhekaj             50     1   2  2  

4 vs 4 Forward 
   Center                   Wing                     Time % Phy DF OF 
 1 Elias Lindholm           Josh Anderson            50     1   2  2  
 2 Brendan Gallagher        Jordan Martinook         50     1   2  2  

4 vs 4 Defense
   Defense                  Defense                  Time % Phy DF OF 
 1 Dougie Hamilton          Trevor van Riemsdyk      50     1   2  2  
 2 Jakob Chychrun           Cam York                 50     1   2  2  

Last Minutes Offensive
   Center                   Left Wing                Right Wing               Defense                  Defense                  
   Elias Lindholm           Josh Anderson            Brendan Gallagher        Dougie Hamilton          Trevor van Riemsdyk      

Last Minutes Defensive
   Center                   Left Wing                Right Wing               Defense                  Defense                  
   Elias Lindholm           Josh Anderson            Brendan Gallagher        Dougie Hamilton          Trevor van Riemsdyk      

Goaltenders
Starting : Alex Lyon                
Backup : Ukko-Pekka Luukkonen     

Extra Forwards
Normal : Alex Iafallo, Joel Kiviranta, Josh Anderson - PP : Alex Iafallo, Joel Kiviranta - PK : Elias Lindholm
Extra Defensemen
Normal : Cam York, Arber Xhekaj, Jakob Chychrun - PP : Cam York - PK : Arber Xhekaj, Jakob Chychrun
Penalty Shots
Elias Lindholm, Josh Anderson, Brendan Gallagher, Jordan Martinook, Alex Iafallo

Scratches
Ty Smith (Healthy), Jonas Siegenthaler (Sprained Left Finger Injury), Philip Tomasino (Healthy), Marc-Andre Fleury (Healthy), Semyon Varlamov (Healthy)

Washington Capitals

5 vs 5 Forward 
   Center                   Left Wing                Right Wing               Time % Phy DF OF 
 1 Tomas Hertl              Jason Robertson          Nick Foligno             30     0   3  2  
 2 Shane Pinto              Alex Ovechkin            Tom Wilson               29     0   2  3  
 3 Marco Rossi              Frederick Gaudreau       Stefan Noesen            28     0   2  3  
 4 Lars Eller               Sean Kuraly              Drake Batherson          13     1   2  2  

5 vs 5 Defense 
   Defense                  Defense                                           Time % Phy DF OF 
 1 John Carlson             Jamie Oleksiak                                    37     0   3  2  
 2 Tyler Myers              Ian Cole                                          34     0   3  2  
 3 Nikita Zadorov           Nick Jensen                                       29     1   3  1  
 4 Nikita Zadorov           Nick Jensen                                       0      1   2  2  

PowerPlay Forward 
   Center                   Left Wing                Right Wing               Time % Phy DF OF 
 1 Tomas Hertl              Drake Batherson          Nick Foligno             50     0   1  4  
 2 Shane Pinto              Alex Ovechkin            Tom Wilson               50     0   1  4  

PowerPlay Defense
   Defense                  Defense                                           Time % Phy DF OF 
 1 John Carlson             Jason Robertson                                   50     0   2  3  
 2 Tyler Myers              Marco Rossi                                       50     0   2  3  

Penalty Kill 4 Players Forward 
   Center                   Wing                     Time % Phy DF OF 
 1 Frederick Gaudreau       Nick Foligno             50     0   4  1  
 2 Shane Pinto              Tom Wilson               50     0   4  1  

Penalty Kill 4 Players Defense
   Defense                  Defense                  Time % Phy DF OF 
 1 John Carlson             Jamie Oleksiak           50     1   4  0  
 2 Tyler Myers              Ian Cole                 50     1   4  0  

Penalty Kill - 3 Players Forward 
   Forward                                           Time % Phy DF OF 
 1 Frederick Gaudreau                                50     0   5  0  
 2 Shane Pinto                                       50     1   2  2  

Penalty Kill - 3 Players Defense
   Defense                  Defense                  Time % Phy DF OF 
 1 John Carlson             Nikita Zadorov           50     1   4  0  
 2 Tyler Myers              Ian Cole                 50     1   4  0  

4 vs 4 Forward 
   Center                   Wing                     Time % Phy DF OF 
 1 Tomas Hertl              Jason Robertson          50     1   1  3  
 2 Shane Pinto              Alex Ovechkin            50     1   1  3  

4 vs 4 Defense
   Defense                  Defense                  Time % Phy DF OF 
 1 John Carlson             Jamie Oleksiak           50     1   2  2  
 2 Tyler Myers              Nick Jensen              50     1   2  2  

Last Minutes Offensive
   Center                   Left Wing                Right Wing               Defense                  Defense                  
   Tomas Hertl              Alex Ovechkin            Tom Wilson               John Carlson             Jason Robertson          

Last Minutes Defensive
   Center                   Left Wing                Right Wing               Defense                  Defense                  
   Shane Pinto              Frederick Gaudreau       Nick Foligno             Ian Cole                 Jamie Oleksiak           

Goaltenders
Starting : Casey DeSmith            
Backup : Jake Oettinger           

Extra Forwards
Normal : Sean Kuraly, Lars Eller, Stefan Noesen - PP : Stefan Noesen, Frederick Gaudreau - PK : Sean Kuraly
Extra Defensemen
Normal : Nikita Zadorov, Nick Jensen, Ian Cole - PP : Nick Jensen - PK : Nick Jensen, Nikita Zadorov
Penalty Shots
Jason Robertson, Frederick Gaudreau, Lars Eller, Alex Ovechkin, Drake Batherson

Scratches
Noah Warren (Healthy), Fabian Zetterlund (Healthy)

% Time on Ice - Dallas Stars

Lines # - Real PCT - Wanted PCT - Time Play
Normal Forward
1 - 29% - 30% - 14:15
2 - 30% - 30% - 14:18
3 - 24% - 25% - 11:36
4 - 17% - 15% - 8:18
Normal Defense
1 - 30% - 30% - 14:31
2 - 31% - 30% - 14:56
3 - 25% - 25% - 12:10
4 - 14% - 15% - 6:50
PP Forward
1 - 50% - 50% - 3:20
2 - 50% - 50% - 3:24
PP Defense
1 - 46% - 50% - 3:06
2 - 54% - 50% - 3:38
PK Forward
1 - 55% - 50% - 2:29
2 - 45% - 50% - 2:03
PK Defense
1 - 50% - 50% - 2:17
2 - 50% - 50% - 2:15
PK3 Forward
1 - 0% - 50%
2 - 0% - 50%
PK3 Defense
1 - 0% - 50%
2 - 0% - 50%
44 Forward
1 - 0% - 50%
2 - 0% - 50%
44 Defense
1 - 0% - 50%
2 - 0% - 50%
Last Minute Offensive  - 0:00
Last Minute Defensive  - 0:17
Total
Forward - 60:00
Defense - 60:00

% Time on Ice - Washington Capitals

Lines # - Real PCT - Wanted PCT - Time Play
Normal Forward
1 - 28% - 30% - 13:41
2 - 28% - 29% - 13:43
3 - 29% - 28% - 13:50
4 - 15% - 13% - 7:14
Normal Defense
1 - 38% - 37% - 18:37
2 - 34% - 34% - 16:18
3 - 28% - 29% - 13:33
4 - 0% - 0% - 0:00
PP Forward
1 - 49% - 50% - 2:14
2 - 51% - 50% - 2:18
PP Defense
1 - 60% - 50% - 2:44
2 - 40% - 50% - 1:48
PK Forward
1 - 52% - 50% - 3:32
2 - 48% - 50% - 3:12
PK Defense
1 - 50% - 50% - 3:21
2 - 50% - 50% - 3:23
PK3 Forward
1 - 0% - 50%
2 - 0% - 50%
PK3 Defense
1 - 0% - 50%
2 - 0% - 50%
44 Forward
1 - 0% - 50%
2 - 0% - 50%
44 Defense
1 - 0% - 50%
2 - 0% - 50%
Last Minute Offensive  - 0:16
Last Minute Defensive  - 0:00
Total
Forward - 60:00
Defense - 60:00

Play-by-Play

1st period


0:01 of 1st period - Elias Lindholm wins face-off versus Tomas Hertl in neutral zone.
0:26 of 1st period - John Carlson is hit by Jordan Martinook and loses puck.
0:33 of 1st period - Snap shot by Jordan Martinook.
0:33 of 1st period - Stopped by Casey DeSmith without a rebound.
0:34 of 1st period - Marco Rossi wins face-off versus Filip Chytil in Washington Capitals zone.
0:36 of 1st period - Minor Penalty to Ian Cole for Tripping.
0:37 of 1st period - Elias Lindholm wins face-off versus Frederick Gaudreau in Washington Capitals zone.
0:37 of 1st period - Snap shot by Brendan Gallagher.
0:37 of 1st period - Stopped by Casey DeSmith without a rebound.
0:38 of 1st period - Elias Lindholm wins face-off versus Frederick Gaudreau in Washington Capitals zone.
1:09 of 1st period - Snap shot by Tom Wilson.
1:09 of 1st period - Shot Blocked by Alex Iafallo.
2:36 of 1st period - Penalty to Ian Cole is over, Ian Cole is back on ice.
2:39 of 1st period - Sean Kuraly is hit by Trent Frederic and loses puck.
2:55 of 1st period - Icing by Nick Jensen.
2:56 of 1st period - Filip Chytil wins face-off versus Sean Kuraly in Washington Capitals zone.
2:59 of 1st period - Snap shot by Filip Chytil.
2:59 of 1st period - Stopped by Casey DeSmith with a rebound.
3:01 of 1st period - Wrist shot by Alex Iafallo.
3:01 of 1st period - Shot Blocked by Nick Foligno.
3:11 of 1st period - Snap shot by Nick Foligno.
3:11 of 1st period - Shot Misses the Net.
3:13 of 1st period - Slapshot by Nick Foligno.
3:13 of 1st period - Stopped by Alex Lyon with a rebound.
3:43 of 1st period - Wrist shot by Jonatan Berggren.
3:43 of 1st period - Stopped by Casey DeSmith without a rebound.
3:44 of 1st period - Marco Rossi wins face-off versus Elias Lindholm in Washington Capitals zone.
3:49 of 1st period - Brendan Gallagher is hit by Frederick Gaudreau and loses puck.
4:10 of 1st period - Luke Kunin is hit by Tom Wilson and loses puck.
4:17 of 1st period - Snap shot by Alex Ovechkin.
4:17 of 1st period - Shot Blocked by Nils Lundkvist.
4:58 of 1st period - John Carlson is hit by Jordan Greenway and loses puck.
5:29 of 1st period - Wrist shot by Brendan Gallagher.
5:29 of 1st period - Stopped by Casey DeSmith without a rebound.
5:30 of 1st period - Marco Rossi wins face-off versus Jonatan Berggren in Washington Capitals zone.
5:30 of 1st period - Marco Rossi is hit by Jakob Chychrun.
6:02 of 1st period - Wrist shot by Tomas Hertl.
6:02 of 1st period - Deflect By Jason Robertson.
6:02 of 1st period - Stopped by Alex Lyon with a rebound.
6:04 of 1st period - Slapshot by Jamie Oleksiak.
6:04 of 1st period - Stopped by Alex Lyon with a rebound.
6:50 of 1st period - Cam York is hit by Shane Pinto and loses puck.
6:59 of 1st period - Slapshot by Jack Drury.
6:59 of 1st period - Stopped by Casey DeSmith without a rebound.
7:00 of 1st period - Tomas Hertl wins face-off versus Jonatan Berggren in Washington Capitals zone.
7:05 of 1st period - Jordan Martinook is hit by Nick Foligno and loses puck.
7:33 of 1st period - Jordan Greenway is hit by Nikita Zadorov and loses puck.
7:39 of 1st period - Arber Xhekaj beats up Nick Foligno.
7:39 of 1st period - Penalty to Nick Foligno for Fighting.
7:39 of 1st period - Penalty to Arber Xhekaj for Fighting.
7:40 of 1st period - Elias Lindholm wins face-off versus Frederick Gaudreau in Washington Capitals zone.
7:48 of 1st period - Off-side.
7:49 of 1st period - Elias Lindholm wins face-off versus Marco Rossi in neutral zone.
8:06 of 1st period - Wrist shot by Stefan Noesen.
8:06 of 1st period - Shot Blocked by Brendan Gallagher.
9:04 of 1st period - Wrist shot by Stefan Noesen.
9:04 of 1st period - Stopped by Alex Lyon with a rebound.
9:26 of 1st period - Icing by Stefan Noesen.
9:27 of 1st period - Jonatan Berggren wins face-off versus Marco Rossi in Washington Capitals zone.
10:54 of 1st period - Luke Kunin is hit by Shane Pinto.
11:15 of 1st period - Jonatan Berggren is hit by Nikita Zadorov and loses puck.
11:30 of 1st period - Nick Jensen is hit by Joel Kiviranta and loses puck.
11:53 of 1st period - Nils Lundkvist is hit by Shane Pinto and loses puck.
12:04 of 1st period - Filip Chytil is hit by Sean Kuraly and loses puck.
12:05 of 1st period - Filip Chytil from Dallas Stars is injured at 12:05 of 1st period (Bruised Right Arm).
12:06 of 1st period - Tomas Hertl wins face-off versus Jonatan Berggren in Dallas Stars zone.
12:35 of 1st period - Shane Pinto is hit by Joel Kiviranta and loses puck.
13:06 of 1st period - Snap shot by Marco Rossi.
13:06 of 1st period - Stopped by Alex Lyon with a rebound.
13:18 of 1st period - Jonatan Berggren is hit by Lars Eller.
13:42 of 1st period - Slapshot by Brendan Gallagher.
13:42 of 1st period - Stopped by Casey DeSmith with a rebound.
13:48 of 1st period - Wrist shot by Drake Batherson.
13:48 of 1st period - Shot Misses the Net.
13:50 of 1st period - Slapshot by Lars Eller.
13:50 of 1st period - Shot Blocked by Alex Iafallo.
13:52 of 1st period - Slapshot by Nikita Zadorov.
13:52 of 1st period - Stopped by Alex Lyon with a rebound.
14:12 of 1st period - Snap shot by Nick Foligno.
14:12 of 1st period - Shot Misses the Net.
14:14 of 1st period - Slapshot by Nick Jensen.
14:14 of 1st period - Shot Blocked by Luke Kunin.
14:28 of 1st period - Snap shot by Brendan Gallagher.
14:28 of 1st period - Deflect By Elias Lindholm.
14:28 of 1st period - Shot Blocked by Nikita Zadorov.
14:28 of 1st period - Puck is out of play.
14:29 of 1st period - Elias Lindholm wins face-off versus Shane Pinto in Washington Capitals zone.
14:54 of 1st period - Nils Lundkvist is hit by Tom Wilson and loses puck.
15:17 of 1st period - Snap shot by Tom Wilson.
15:17 of 1st period - Shot Misses the Net.
15:19 of 1st period - Slapshot by Shane Pinto.
15:19 of 1st period - Deflect By Josh Anderson.
15:19 of 1st period - Stopped by Alex Lyon without a rebound.
15:20 of 1st period - Tomas Hertl wins face-off versus Jonatan Berggren in Dallas Stars zone.
15:27 of 1st period - Wrist shot by Tomas Hertl.
15:27 of 1st period - Stopped by Alex Lyon without a rebound.
15:28 of 1st period - Jonatan Berggren wins face-off versus Tomas Hertl in Dallas Stars zone.
15:57 of 1st period - Slapshot by Marco Rossi.
15:57 of 1st period - Shot Misses the Net.
16:33 of 1st period - Wrist shot by Tom Wilson.
16:33 of 1st period - Shot Blocked by Dougie Hamilton.
16:45 of 1st period - Ian Cole is hit by Trent Frederic and loses puck.
16:52 of 1st period - Wrist shot by Tomas Hertl.
16:52 of 1st period - Stopped by Alex Lyon without a rebound.
16:53 of 1st period - Tomas Hertl wins face-off versus Alex Iafallo in Dallas Stars zone.
16:58 of 1st period - Wrist shot by Jason Robertson.
16:58 of 1st period - Shot Blocked by Jakob Chychrun.
17:06 of 1st period - Snap shot by Jakob Chychrun.
17:06 of 1st period - Shot Misses the Net.
17:18 of 1st period - Snap shot by Tom Wilson.
17:18 of 1st period - Shot Misses the Net.
17:57 of 1st period - Alex Iafallo is hit by Nikita Zadorov and loses puck.
18:18 of 1st period - Slapshot by Jordan Martinook.
18:18 of 1st period - Shot Blocked by Tomas Hertl.
18:49 of 1st period - Snap shot by Alex Iafallo.
18:49 of 1st period - Goal by Alex Iafallo - Dallas Stars : 1 - Washington Capitals : 0.
18:50 of 1st period - Jonatan Berggren wins face-off versus Tomas Hertl in neutral zone.
18:59 of 1st period - Snap shot by Jonatan Berggren.
18:59 of 1st period - Shot Blocked by Jason Robertson.
19:01 of 1st period - Snap shot by Jonatan Berggren.
19:01 of 1st period - Shot Blocked by Nick Foligno.
19:03 of 1st period - Slapshot by Jakob Chychrun.
19:03 of 1st period - Stopped by Casey DeSmith without a rebound.
19:04 of 1st period - Tomas Hertl wins face-off versus Joel Kiviranta in Washington Capitals zone.
19:25 of 1st period - Minor Penalty to Jordan Greenway for Hooking.
19:26 of 1st period - Elias Lindholm wins face-off versus Tomas Hertl in Dallas Stars zone.
19:35 of 1st period - Slapshot by Brendan Gallagher.
19:35 of 1st period - Shot Blocked by John Carlson.
19:59 of 1st period - Slapshot by Josh Anderson.
19:59 of 1st period - Shot Blocked by Alex Ovechkin.
Goals for this period are 1 for Dallas Stars vs 0 for Washington Capitals.
Shots for this period are 9 for Dallas Stars vs 9 for Washington Capitals.

2nd period


0:01 of 2nd period - Shane Pinto wins face-off versus Brendan Gallagher in neutral zone.
0:54 of 2nd period - Trevor van Riemsdyk is hit by Shane Pinto and loses puck.
1:25 of 2nd period - Penalty to Jordan Greenway is over, Jordan Greenway is back on ice.
2:32 of 2nd period - Wrist shot by Brendan Gallagher.
2:32 of 2nd period - Shot Misses the Net.
2:34 of 2nd period - Snap shot by Jakob Chychrun.
2:34 of 2nd period - Deflect By Brendan Gallagher.
2:34 of 2nd period - Shot Blocked by Tyler Myers.
2:34 of 2nd period - Puck is out of play.
2:35 of 2nd period - Jack Drury wins face-off versus Shane Pinto in Washington Capitals zone.
2:57 of 2nd period - Minor Penalty to Trevor van Riemsdyk for Delaying the game.
2:58 of 2nd period - Elias Lindholm wins face-off versus Shane Pinto in Dallas Stars zone.
2:58 of 2nd period - Elias Lindholm is hit by Tom Wilson.
3:04 of 2nd period - Shane Pinto is hit by Elias Lindholm and loses puck.
3:31 of 2nd period - Backhand shot by Drake Batherson.
3:31 of 2nd period - Goal by Drake Batherson - Dallas Stars : 1 - Washington Capitals : 1.
3:32 of 2nd period - Joel Kiviranta wins face-off versus Tomas Hertl in neutral zone.
3:37 of 2nd period - Snap shot by Jordan Greenway.
3:37 of 2nd period - Stopped by Casey DeSmith with a rebound.
4:19 of 2nd period - Wrist shot by Jordan Martinook.
4:19 of 2nd period - Shot Misses the Net.
4:21 of 2nd period - Slapshot by Jordan Martinook.
4:21 of 2nd period - Shot Blocked by Marco Rossi.
4:23 of 2nd period - Slapshot by Cam York.
4:23 of 2nd period - Deflect By Jordan Martinook.
4:23 of 2nd period - Shot Blocked by Marco Rossi.
4:23 of 2nd period - Puck is out of play.
4:24 of 2nd period - Joel Kiviranta wins face-off versus Marco Rossi in Washington Capitals zone.
4:31 of 2nd period - Snap shot by Marco Rossi.
4:31 of 2nd period - Shot Misses the Net.
4:35 of 2nd period - Wrist shot by Stefan Noesen.
4:35 of 2nd period - Stopped by Alex Lyon with a rebound.
4:37 of 2nd period - Wrist shot by Stefan Noesen.
4:37 of 2nd period - Shot Misses the Net.
4:39 of 2nd period - Slapshot by Stefan Noesen.
4:39 of 2nd period - Deflect By Marco Rossi.
4:39 of 2nd period - Shot Blocked by Cam York.
4:39 of 2nd period - Puck is out of play.
4:40 of 2nd period - Elias Lindholm wins face-off versus Tomas Hertl in Dallas Stars zone.
5:07 of 2nd period - Dougie Hamilton is hit by John Carlson and loses puck.
5:13 of 2nd period - Icing by Trevor van Riemsdyk.
5:14 of 2nd period - Shane Pinto wins face-off versus Joel Kiviranta in Dallas Stars zone.
5:43 of 2nd period - Snap shot by Drake Batherson.
5:43 of 2nd period - Stopped by Alex Lyon without a rebound.
5:44 of 2nd period - Lars Eller wins face-off versus Elias Lindholm in Dallas Stars zone.
5:45 of 2nd period - Snap shot by Drake Batherson.
5:45 of 2nd period - Stopped by Alex Lyon with a rebound.
5:57 of 2nd period - Snap shot by Drake Batherson.
5:57 of 2nd period - Shot Misses the Net.
6:38 of 2nd period - Snap shot by Tom Wilson.
6:38 of 2nd period - Stopped by Alex Lyon with a rebound.
6:54 of 2nd period - Wrist shot by Stefan Noesen.
6:54 of 2nd period - Stopped by Alex Lyon without a rebound.
6:55 of 2nd period - Marco Rossi wins face-off versus Jordan Greenway in Dallas Stars zone.
7:22 of 2nd period - Wrist shot by Josh Anderson.
7:22 of 2nd period - Stopped by Casey DeSmith with a rebound.
7:26 of 2nd period - Slapshot by Alex Iafallo.
7:26 of 2nd period - Shot Misses the Net.
7:28 of 2nd period - Wrist shot by Jordan Greenway.
7:28 of 2nd period - Shot Blocked by Tyler Myers.
7:36 of 2nd period - Wrist shot by Alex Iafallo.
7:36 of 2nd period - Shot Misses the Net.
7:38 of 2nd period - Snap shot by Josh Anderson.
7:38 of 2nd period - Shot Misses the Net.
7:40 of 2nd period - Wrist shot by Josh Anderson.
7:40 of 2nd period - Stopped by Casey DeSmith without a rebound.
7:41 of 2nd period - Jonatan Berggren wins face-off versus Shane Pinto in Washington Capitals zone.
7:44 of 2nd period - Slapshot by Luke Kunin.
7:44 of 2nd period - Stopped by Casey DeSmith without a rebound.
7:45 of 2nd period - Jonatan Berggren wins face-off versus Shane Pinto in Washington Capitals zone.
7:50 of 2nd period - Wrist shot by Jordan Martinook.
7:50 of 2nd period - Shot Misses the Net.
9:01 of 2nd period - Wrist shot by Frederick Gaudreau.
9:01 of 2nd period - Stopped by Alex Lyon with a rebound.
9:03 of 2nd period - Wrist shot by Stefan Noesen.
9:03 of 2nd period - Stopped by Alex Lyon without a rebound.
9:04 of 2nd period - Tomas Hertl wins face-off versus Jonatan Berggren in Dallas Stars zone.
9:05 of 2nd period - Snap shot by Jason Robertson.
9:05 of 2nd period - Stopped by Alex Lyon without a rebound.
9:06 of 2nd period - Tomas Hertl wins face-off versus Jonatan Berggren in Dallas Stars zone.
9:36 of 2nd period - Snap shot by Frederick Gaudreau.
9:36 of 2nd period - Stopped by Alex Lyon with a rebound.
9:53 of 2nd period - Slapshot by Joel Kiviranta.
9:53 of 2nd period - Shot Misses the Net.
10:05 of 2nd period - Slapshot by Stefan Noesen.
10:05 of 2nd period - Shot Blocked by Arber Xhekaj.
10:07 of 2nd period - Snap shot by Frederick Gaudreau.
10:07 of 2nd period - Deflect By Marco Rossi.
10:07 of 2nd period - Stopped by Alex Lyon with a rebound.
10:09 of 2nd period - Slapshot by Stefan Noesen.
10:09 of 2nd period - Stopped by Alex Lyon with a rebound.
10:11 of 2nd period - Wrist shot by Marco Rossi.
10:11 of 2nd period - Stopped by Alex Lyon with a rebound.
10:13 of 2nd period - Snap shot by Frederick Gaudreau.
10:13 of 2nd period - Stopped by Alex Lyon without a rebound.
10:14 of 2nd period - Elias Lindholm wins face-off versus Tomas Hertl in Dallas Stars zone.
10:19 of 2nd period - Snap shot by Josh Anderson.
10:19 of 2nd period - Stopped by Casey DeSmith with a rebound.
10:25 of 2nd period - Dougie Hamilton is hit by Tomas Hertl and loses puck.
11:08 of 2nd period - Wrist shot by Sean Kuraly.
11:08 of 2nd period - Deflect By Drake Batherson.
11:08 of 2nd period - Shot Misses the Net.
11:08 of 2nd period - Puck is out of play.
11:09 of 2nd period - Nick Foligno wins face-off versus Elias Lindholm in Dallas Stars zone.
11:14 of 2nd period - Snap shot by Tomas Hertl.
11:14 of 2nd period - Stopped by Alex Lyon with a rebound.
11:18 of 2nd period - Wrist shot by Tomas Hertl.
11:18 of 2nd period - Shot Blocked by Nils Lundkvist.
11:22 of 2nd period - Wrist shot by Jason Robertson.
11:22 of 2nd period - Stopped by Alex Lyon without a rebound.
11:23 of 2nd period - Shane Pinto wins face-off versus Jonatan Berggren in Dallas Stars zone.
11:26 of 2nd period - Wrist shot by Tom Wilson.
11:26 of 2nd period - Shot Misses the Net.
11:56 of 2nd period - Snap shot by Elias Lindholm.
11:56 of 2nd period - Stopped by Casey DeSmith without a rebound.
11:57 of 2nd period - Tomas Hertl wins face-off versus Brendan Gallagher in Washington Capitals zone.
11:59 of 2nd period - Minor Penalty to Nikita Zadorov for Tripping.
12:00 of 2nd period - Frederick Gaudreau wins face-off versus Alex Iafallo in Washington Capitals zone.
12:34 of 2nd period - Wrist shot by Elias Lindholm.
12:34 of 2nd period - Deflect By Brendan Gallagher.
12:34 of 2nd period - Goal by Brendan Gallagher - Dallas Stars : 2 - Washington Capitals : 1.
12:35 of 2nd period - Elias Lindholm wins face-off versus Tomas Hertl in neutral zone.
14:08 of 2nd period - Snap shot by Jack Drury.
14:08 of 2nd period - Stopped by Casey DeSmith with a rebound.
14:10 of 2nd period - Slapshot by Jakob Chychrun.
14:10 of 2nd period - Stopped by Casey DeSmith without a rebound.
14:11 of 2nd period - Tomas Hertl wins face-off versus Jack Drury in Washington Capitals zone.
14:11 of 2nd period - Tomas Hertl is hit by Jack Drury.
14:25 of 2nd period - Wrist shot by Jason Robertson.
14:25 of 2nd period - Shot Blocked by Arber Xhekaj.
14:27 of 2nd period - Slapshot by John Carlson.
14:27 of 2nd period - Shot Misses the Net.
14:41 of 2nd period - Snap shot by Jason Robertson.
14:41 of 2nd period - Shot Misses the Net.
14:47 of 2nd period - Snap shot by Tomas Hertl.
14:47 of 2nd period - Shot Misses the Net.
14:49 of 2nd period - Slapshot by Tomas Hertl.
14:49 of 2nd period - Shot Misses the Net.
14:51 of 2nd period - Snap shot by Tomas Hertl.
14:51 of 2nd period - Stopped by Alex Lyon with a rebound.
14:53 of 2nd period - Wrist shot by Tomas Hertl.
14:53 of 2nd period - Shot Misses the Net.
15:04 of 2nd period - Icing by Arber Xhekaj.
15:05 of 2nd period - Shane Pinto wins face-off versus Jack Drury in Dallas Stars zone.
15:19 of 2nd period - Icing by Joel Kiviranta.
15:20 of 2nd period - Joel Kiviranta wins face-off versus Lars Eller in Dallas Stars zone.
18:05 of 2nd period - Slapshot by Shane Pinto.
18:05 of 2nd period - Stopped by Alex Lyon without a rebound.
18:06 of 2nd period - Marco Rossi wins face-off versus Jack Drury in Dallas Stars zone.
18:09 of 2nd period - Snap shot by Marco Rossi.
18:09 of 2nd period - Stopped by Alex Lyon with a rebound.
18:21 of 2nd period - Wrist shot by Frederick Gaudreau.
18:21 of 2nd period - Shot Misses the Net.
18:54 of 2nd period - Slapshot by Jakob Chychrun.
18:54 of 2nd period - Shot Misses the Net.
19:24 of 2nd period - Snap shot by Sean Kuraly.
19:24 of 2nd period - Stopped by Alex Lyon without a rebound.
19:25 of 2nd period - Frederick Gaudreau wins face-off versus Elias Lindholm in Dallas Stars zone.
19:26 of 2nd period - Slapshot by Marco Rossi.
19:26 of 2nd period - Stopped by Alex Lyon with a rebound.
19:28 of 2nd period - Wrist shot by Stefan Noesen.
19:28 of 2nd period - Stopped by Alex Lyon with a rebound.
19:30 of 2nd period - Slapshot by Jamie Oleksiak.
19:30 of 2nd period - Stopped by Alex Lyon with a rebound.
19:32 of 2nd period - Wrist shot by John Carlson.
19:32 of 2nd period - Deflect By Frederick Gaudreau.
19:32 of 2nd period - Stopped by Alex Lyon with a rebound.
19:34 of 2nd period - Wrist shot by Marco Rossi.
19:34 of 2nd period - Stopped by Alex Lyon without a rebound.
19:35 of 2nd period - Elias Lindholm wins face-off versus Marco Rossi in Dallas Stars zone.
Goals for this period are 1 for Dallas Stars vs 1 for Washington Capitals.
Shots for this period are 9 for Dallas Stars vs 25 for Washington Capitals.

3rd period


0:01 of 3rd period - Shane Pinto wins face-off versus Jonatan Berggren in neutral zone.
0:14 of 3rd period - Wrist shot by Alex Ovechkin.
0:14 of 3rd period - Shot Misses the Net.
0:16 of 3rd period - Slapshot by Nick Jensen.
0:16 of 3rd period - Stopped by Alex Lyon without a rebound.
0:17 of 3rd period - Tomas Hertl wins face-off versus Elias Lindholm in Dallas Stars zone.
1:25 of 3rd period - Snap shot by Brendan Gallagher.
1:25 of 3rd period - Stopped by Casey DeSmith with a rebound.
3:04 of 3rd period - Wrist shot by Shane Pinto.
3:04 of 3rd period - Shot Misses the Net.
3:06 of 3rd period - Snap shot by Tom Wilson.
3:06 of 3rd period - Shot Blocked by Jakob Chychrun.
3:08 of 3rd period - Slapshot by Nikita Zadorov.
3:08 of 3rd period - Shot Misses the Net.
3:10 of 3rd period - Slapshot by Nick Jensen.
3:10 of 3rd period - Stopped by Alex Lyon without a rebound.
3:11 of 3rd period - Marco Rossi wins face-off versus Trent Frederic in Dallas Stars zone.
3:32 of 3rd period - Minor Penalty to Trent Frederic for High sticking.
3:33 of 3rd period - Shane Pinto wins face-off versus Brendan Gallagher in Dallas Stars zone.
5:12 of 3rd period - Arber Xhekaj is hit by Drake Batherson and loses puck.
5:32 of 3rd period - Penalty to Trent Frederic is over, Trent Frederic is back on ice.
5:35 of 3rd period - Slapshot by Jakob Chychrun.
5:35 of 3rd period - Deflect By John Carlson.
5:35 of 3rd period - Stopped by Casey DeSmith with a rebound.
5:37 of 3rd period - Wrist shot by Jack Drury.
5:37 of 3rd period - Shot Misses the Net.
5:39 of 3rd period - Slapshot by Jakob Chychrun.
5:39 of 3rd period - Stopped by Casey DeSmith with a rebound.
5:41 of 3rd period - Slapshot by Jack Drury.
5:41 of 3rd period - Stopped by Casey DeSmith without a rebound.
5:42 of 3rd period - Marco Rossi wins face-off versus Joel Kiviranta in Washington Capitals zone.
6:07 of 3rd period - Jordan Martinook is hit by Nick Jensen and loses puck.
6:16 of 3rd period - Trevor van Riemsdyk is hit by Tyler Myers and loses puck.
6:29 of 3rd period - Wrist shot by Jack Drury.
6:29 of 3rd period - Shot Misses the Net.
6:31 of 3rd period - Snap shot by Trevor van Riemsdyk.
6:31 of 3rd period - Deflect By Tom Wilson.
6:31 of 3rd period - Stopped by Casey DeSmith without a rebound.
6:32 of 3rd period - Jack Drury wins face-off versus Marco Rossi in Washington Capitals zone.
6:54 of 3rd period - Icing by Jack Drury.
6:55 of 3rd period - Jack Drury wins face-off versus Nick Foligno in Dallas Stars zone.
7:04 of 3rd period - Wrist shot by Elias Lindholm.
7:04 of 3rd period - Shot Misses the Net.
7:06 of 3rd period - Backhand shot by Brendan Gallagher.
7:06 of 3rd period - Shot Misses the Net.
7:08 of 3rd period - Slapshot by Nils Lundkvist.
7:08 of 3rd period - Shot Blocked by John Carlson.
7:10 of 3rd period - Snap shot by Nils Lundkvist.
7:10 of 3rd period - Shot Blocked by Jamie Oleksiak.
8:04 of 3rd period - Snap shot by Alex Iafallo.
8:04 of 3rd period - Stopped by Casey DeSmith without a rebound.
8:05 of 3rd period - Elias Lindholm wins face-off versus Lars Eller in Washington Capitals zone.
8:12 of 3rd period - Wrist shot by Elias Lindholm.
8:12 of 3rd period - Stopped by Casey DeSmith with a rebound.
8:14 of 3rd period - Snap shot by Josh Anderson.
8:14 of 3rd period - Deflect By Drake Batherson.
8:14 of 3rd period - Stopped by Casey DeSmith with a rebound.
8:16 of 3rd period - Wrist shot by Josh Anderson.
8:16 of 3rd period - Stopped by Casey DeSmith with a rebound.
8:18 of 3rd period - Snap shot by Josh Anderson.
8:18 of 3rd period - Stopped by Casey DeSmith with a rebound.
8:20 of 3rd period - Wrist shot by Elias Lindholm.
8:20 of 3rd period - Shot Blocked by Nick Jensen.
8:26 of 3rd period - Minor Penalty to Sean Kuraly for Slashing.
8:27 of 3rd period - Alex Iafallo wins face-off versus Frederick Gaudreau in Washington Capitals zone.
8:38 of 3rd period - Slapshot by Dougie Hamilton.
8:38 of 3rd period - Goal by Dougie Hamilton - Dallas Stars : 3 - Washington Capitals : 1.
8:39 of 3rd period - Elias Lindholm wins face-off versus Nick Foligno in neutral zone.
9:13 of 3rd period - Minor Penalty to Alex Ovechkin for Interference.
9:14 of 3rd period - Shane Pinto wins face-off versus Elias Lindholm in Washington Capitals zone.
9:46 of 3rd period - Snap shot by Jordan Martinook.
9:46 of 3rd period - Stopped by Casey DeSmith with a rebound.
9:48 of 3rd period - Slapshot by Luke Kunin.
9:48 of 3rd period - Shot Blocked by Tyler Myers.
9:50 of 3rd period - Slapshot by Dougie Hamilton.
9:50 of 3rd period - Shot Blocked by Ian Cole.
10:21 of 3rd period - Icing by Brendan Gallagher.
10:22 of 3rd period - Shane Pinto wins face-off versus Alex Iafallo in Dallas Stars zone.
11:13 of 3rd period - Penalty to Alex Ovechkin is over, Alex Ovechkin is back on ice.
12:16 of 3rd period - Off-side.
12:17 of 3rd period - Lars Eller wins face-off versus Jack Drury in neutral zone.
12:28 of 3rd period - Lars Eller is hit by Trent Frederic and loses puck.
12:41 of 3rd period - Josh Anderson is hit by John Carlson and loses puck.
12:48 of 3rd period - Elias Lindholm is hit by Tom Wilson and loses puck.
13:05 of 3rd period - Ian Cole is hit by Jordan Martinook and loses puck.
13:53 of 3rd period - Lars Eller is hit by Elias Lindholm and loses puck.
14:08 of 3rd period - Slapshot by Jordan Martinook.
14:08 of 3rd period - Stopped by Casey DeSmith without a rebound.
14:09 of 3rd period - Shane Pinto wins face-off versus Jonatan Berggren in Washington Capitals zone.
14:18 of 3rd period - Snap shot by Tom Wilson.
14:18 of 3rd period - Shot Blocked by Trevor van Riemsdyk.
14:26 of 3rd period - Snap shot by Tom Wilson.
14:26 of 3rd period - Shot Misses the Net.
14:28 of 3rd period - Slapshot by John Carlson.
14:28 of 3rd period - Shot Misses the Net.
14:30 of 3rd period - Backhand shot by Tom Wilson.
14:30 of 3rd period - Shot Blocked by Trevor van Riemsdyk.
14:32 of 3rd period - Slapshot by John Carlson.
14:32 of 3rd period - Stopped by Alex Lyon with a rebound.
14:34 of 3rd period - Slapshot by Tom Wilson.
14:34 of 3rd period - Shot Blocked by Jordan Martinook.
14:36 of 3rd period - Slapshot by John Carlson.
14:36 of 3rd period - Stopped by Alex Lyon with a rebound.
14:38 of 3rd period - Slapshot by John Carlson.
14:38 of 3rd period - Shot Misses the Net.
14:40 of 3rd period - Slapshot by Shane Pinto.
14:40 of 3rd period - Shot Misses the Net.
14:42 of 3rd period - Snap shot by Alex Ovechkin.
14:42 of 3rd period - Shot Blocked by Dougie Hamilton.
14:44 of 3rd period - Snap shot by Shane Pinto.
14:44 of 3rd period - Goal by Shane Pinto - Dallas Stars : 3 - Washington Capitals : 2.
14:45 of 3rd period - Elias Lindholm wins face-off versus Tomas Hertl in neutral zone.
15:00 of 3rd period - Snap shot by Elias Lindholm.
15:00 of 3rd period - Stopped by Casey DeSmith without a rebound.
15:01 of 3rd period - Marco Rossi wins face-off versus Joel Kiviranta in Washington Capitals zone.
15:08 of 3rd period - Slapshot by Alex Iafallo.
15:08 of 3rd period - Stopped by Casey DeSmith with a rebound.
16:16 of 3rd period - Snap shot by Alex Iafallo.
16:16 of 3rd period - Deflect By Ian Cole.
16:16 of 3rd period - Stopped by Casey DeSmith without a rebound.
16:17 of 3rd period - Tomas Hertl wins face-off versus Joel Kiviranta in Washington Capitals zone.
16:17 of 3rd period - Tomas Hertl is hit by Alex Iafallo.
17:21 of 3rd period - Trevor van Riemsdyk is hit by Tom Wilson and loses puck.
17:36 of 3rd period - Wrist shot by Dougie Hamilton.
17:36 of 3rd period - Shot Misses the Net.
17:38 of 3rd period - Minor Penalty to Stefan Noesen for Cross-checking.
17:39 of 3rd period - Elias Lindholm wins face-off versus Shane Pinto in Washington Capitals zone.
17:46 of 3rd period - Snap shot by Brendan Gallagher.
17:46 of 3rd period - Shot Misses the Net.
17:48 of 3rd period - Snap shot by Elias Lindholm.
17:48 of 3rd period - Stopped by Casey DeSmith with a rebound.
17:50 of 3rd period - Slapshot by Cam York.
17:50 of 3rd period - Stopped by Casey DeSmith with a rebound.
18:04 of 3rd period - Jakob Chychrun is hit by Ian Cole and loses puck.
19:38 of 3rd period - Penalty to Stefan Noesen is over, Stefan Noesen is back on ice.
19:51 of 3rd period - Wrist shot by Trent Frederic.
19:51 of 3rd period - Shot Misses the Net.
19:53 of 3rd period - Snap shot by Trent Frederic.
19:53 of 3rd period - Shot Blocked by Jamie Oleksiak.
19:55 of 3rd period - Snap shot by Trent Frederic.
19:55 of 3rd period - Shot Misses the Net.
19:57 of 3rd period - Snap shot by Dougie Hamilton.
19:57 of 3rd period - Shot Misses the Net.
Goals for this period are 1 for Dallas Stars vs 1 for Washington Capitals.
Shots for this period are 18 for Dallas Stars vs 5 for Washington Capitals.